[Event "Early-Titled-Tuesday-Blitz-January-16-2024"]
[Site "Chess.com"]
[Date "2024.01.16"]
[Round "2"]
[White "JSPrepz"]
[Black "NikaVolkov"]
[Result "1-0"]
[WhiteElo "2867"]
[BlackElo "2578"]
[TimeControl "180+1"]
[EndTime "8:18:51 PST"]
[Termination "JSPrepz won on time"]

1. e4 c5 2. Nf3 e6 3. c3 d5 4. e5 Nc6 5. d4 f5 6. exf6 Nxf6 7. Bd3 Bd6 8. Bg5 O-O 9. O-O Qc7 10. Nbd2 Bd7 11.
Re1 Rae8 12. Bh4 Qb6 13. dxc5 Bxc5 14. b4 Bd6 15. b5 Ne7 16. c4 Nf5 17. Bxf5 exf5 18.
Rxe8 Bxe8 19. Bxf6 Rxf6 20. a4 Bc5 21. cxd5 Bxf2+ 22.
Kh1 Bf7 23. Nc4 Qc5 24. Nce5 Qxd5 25. Qc2 Qc5 26. Qxc5 Bxc5 27. Nd7 Be7 28. Nxf6+ Bxf6 29. Rc1 Bd5 30. a5 g5 31. Rc5 Be4 32. Nd2 Bd3 33. Rc8+ Kf7 34. Rc7+ Kg6 35. Rxb7 Bc3 36. b6 axb6 37.
axb6 f4 38. Nf3 g4 39. Nh4+ Kg5 40. Rc7 Bb4 41. b7 Kxh4 42. b8=Q f3 43. Qd8+ Kh5 44. Qxd3 1-0

[Event "Early-Titled-Tuesday-Blitz-January-16-2024"]
[Site "Chess.com"]
[Date "2024.01.16"]
[Round "2"]
[White "bascheyaro"]
[Black "AmanteDeMoi"]
[Result "0-1"]
[WhiteElo "2801"]
[BlackElo "2570"]
[TimeControl "180+1"]
[EndTime "8:18:51 PST"]
[Termination "AmanteDeMoi won on time"]

1. d4 g6 2. Nf3 Bg7 3. Bf4 d6 4.
e3 Nd7 5. Nbd2 e5 6. Bg3 Ne7 7. dxe5 Nxe5 8. Nxe5 dxe5 9. Bc4 Nf5 10. Nf3 Qxd1+ 11.
Rxd1 Nxg3 12. hxg3 h6 13. e4 Ke7 14. Ke2 c6 15. a4 Bg4 16. Rd3 Rad8 17. Rhd1 f5 18.
Rxd8 Rxd8 19. Bd3 Bf6 20. Rh1 h5 21. Ke3 Rf8 22. Nh4 f4+ 23. Kd2 Bxh4 24. gxh4 Be6 25.
b4 Rd8 26. Kc3 Rd4 27. Rg1 Kd6 28. g3 f3 29. Re1 a5 30. Rb1 b6 31. bxa5 bxa5 32.
Rb7 Bd7 33. Kb3 Be6+ 34. Kb2 Rb4+ 35. Rxb4 axb4 36. c3 c5 37. Bb5 Bf7 38. Ba6 Kc7 39. a5 Kc6 40. Bf1 Kb7 41. Bd3 Be6 42. Bc2 Bc4 0-1

[Event "Early-Titled-Tuesday-Blitz-January-16-2024"]
[Site "Chess.com"]
[Date "2024.01.16"]
[Round "2"]
[White "Payyappat"]
[Black "Korchmar_Vasiliy"]
[Result "1-0"]
[WhiteElo "2456"]
[BlackElo "2739"]
[TimeControl "180+1"]
[EndTime "8:18:51 PST"]
[Termination "Payyappat won on time"]

1. e4 c5 2. Nf3 d6 3. d4 cxd4 4. Nxd4 Nf6 5. Nc3 Nc6 6. Bg5 Bd7 7. Qd2 a6 8. O-O-O e6 9. f4 Be7 10. Be2 b5 11. Bf3 Rc8 12. e5 dxe5 13. Nxc6 Bxc6 14.
Bxc6+ Rxc6 15. Qxd8+ Bxd8 16. fxe5 Nd7 17. Bxd8 Kxd8 18.
Rhf1 Ke7 19. Rxd7+ Kxd7 20. Rxf7+ Kc8 21. Rxg7 Rc5 22. Ne4 Rxe5 23. Nd6+ Kb8 24. Nf7 Re1+ 25. Kd2 Rb1 26. Nxh8 Rxb2 27. Rxh7 Rxa2 28. g4 b4 29. g5 b3 30. g6 Rxc2+ 31. Kd3 Rg2 32. Rh4 a5 33. Rh5 a4 34. h4 Kc7 35. Rb5 Kc6 36.
Rb8 b2 37. g7 a3 38. Nf7 Rxg7 39. Ne5+ 1-0

[Event "Early-Titled-Tuesday-Blitz-January-16-2024"]
[Site "Chess.com"]
[Date "2024.01.16"]
[Round "2"]
[White "slorovel"]
[Black "MetiForce"]
[Result "0-1"]
[WhiteElo "2581"]
[BlackElo "2873"]
[TimeControl "180+1"]
[EndTime "8:18:52 PST"]
[Termination "MetiForce won on time"]

1. e4 c5 2. Nf3 d6 3. d4 cxd4 4. Nxd4 Nf6 5. f3 e5 6. Nb3 Be6 7. c4 Nc6 8. Be3 a5 9. Nc3 a4 10. Nd2 Be7 11. Bd3 O-O 12. O-O Qa5 13. Rb1 a3 14.
Nb3 Qd8 15. Nd5 axb2 16. Bb6 Qd7 17. Nxe7+ Nxe7 18. Rxb2 Rfc8 19. Be3 Bxc4 20. Bxc4 Rxc4 21. Nc5 Qc6 22. Nxb7 d5 23. exd5 Nfxd5 24. Bf2 h5 25. Qe2 Ng6 26. Nd6 Rca4 27. Ne4 Ngf4 28. Qd2 Qg6 29.
Bc5 h4 30. Kh1 f5 31. Nc3 Nxc3 32. Qxc3 Qa6 33. Rg1 Qe6 34. a3 Rc4 35. Qe3 Nd5 36. Qf2 h3 37. gxh3 Qc6 38. Be3 f4 39. Bd2 Ne7 40. Qg2 Nf5 41. Bb4 Ra7 42. Rd2 Rd4 43. Rxd4 exd4 44. Bd2 Nh4 45. Qf2 Qxf3+ 46. Qxf3 Nxf3 47.
Rg2 Rxa3 48. Bxf4 Ra1+ 0-1

[Event "Early-Titled-Tuesday-Blitz-January-16-2024"]
[Site "Chess.com"]
[Date "2024.01.16"]
[Round "2"]
[White "KevinGeorgeMicheal"]
[Black "StankovicIvan"]
[Result "1-0"]
[WhiteElo "2263"]
[BlackElo "2478"]
[TimeControl "180+1"]
[EndTime "8:18:54 PST"]
[Termination "KevinGeorgeMicheal won by resignation"]

1. e4 c5 2. Nf3 Nc6 3. Nc3 g6 4. Bc4 Bg7 5. O-O d6 6. d3 Nf6 7.
h3 O-O 8. Be3 a6 9. a4 Rb8 10.
d4 cxd4 11. Nxd4 Nxe4 12. Nxe4 d5 13. Bxa6 Nxd4 14. Bxd4 dxe4 15. Bxg7 Kxg7 16. Bb5 Be6 17. Qe2 f5 18. Rfd1 Qb6 19. Qe3 Qxe3 20. fxe3 Rfd8 21. Kf2 Kf6 22. Ke2 Ke5 23. g3 Rbc8 24.
Rxd8 Rxd8 25. Rd1 Rxd1 26. Kxd1 g5 27. Ke2 f4 28. g4 h5 29. gxh5 Bxh3 30. h6 Bf5 31.
Bd7 e6 32. a5 g4 33. Bc8 g3 34.
exf4+ Kxf4 35. Bxb7 Bg4+ 36. Kf1 Bh3+ 37. Kg1 e3 38.
Ba6 Bf5 39. Be2 Kg5 40. Kg2 Kxh6 41. Kxg3 Bxc2 42. Kf4 Kg6 43. Kxe3 Ba4 44. a6 Bc6 45. Bf3 1-0

[Event "Early-Titled-Tuesday-Blitz-January-16-2024"]
[Site "Chess.com"]
[Date "2024.01.16"]
[Round "2"]
[White "MANOJ_MISHRA123"]
[Black "ReinaldoR"]
[Result "0-1"]
[WhiteElo "2257"]
[BlackElo "2516"]
[TimeControl "180+1"]
[EndTime "8:18:55 PST"]
[Termination "ReinaldoR won by checkmate"]

1. d4 d5 2. c4 c6 3. Nf3 Nf6 4.
g3 a6 5. c5 Bf5 6. Bg2 Nbd7 7.
Nc3 e5 8. e3 e4 9. Nd2 h5 10. h3 g6 11. O-O Bg7 12. b4 O-O 13. a4 Re8 14. Bb2 Nf8 15. b5 axb5 16. axb5 Qd7 17. Kh2 N8h7 18. Na4 Qe6 19. bxc6 bxc6 20. Rh1 Ng5 21. h4 Nh3 22. Bxh3 Bxh3 23. Kg1 Bg4 24. Qb3 Reb8 25. Nb6 Rxa1+ 26. Bxa1 Bh6 27. Nf1 Bf3 28. Qa4 Ng4 29. Qa2 Re8 30. Bc3 Qf5 31. Be1 Re6 32. Qa8+ Kh7 33. Qb7 Rf6 34. Nd7 Re6 35. Nb8 Bxh1 36. Kxh1 Nxf2+ 37. Kg1 Nd3 38. Nxc6 Nxe1 39. Ne5 Rxe5 40. dxe5 Nf3+ 41. Kh1 Nxe5 42. c6 Qxf1+ 43. Kh2 Nf3# 0-1

[Event "Early-Titled-Tuesday-Blitz-January-16-2024"]
[Site "Chess.com"]
[Date "2024.01.16"]
[Round "2"]
[White "MasterofMasters2006"]
[Black "deribas12345"]
[Result "0-1"]
[WhiteElo "2219"]
[BlackElo "2495"]
[TimeControl "180+1"]
[EndTime "8:18:55 PST"]
[Termination "deribas12345 won on time"]

1. d4 Nf6 2. c4 c5 3. d5 b5 4. Qc2 Na6 5. a3 d6 6. cxb5 Nc7 7. e4 e6 8. dxe6 Nxe6 9. Nf3 Bb7 10. Nc3 Nd4 11. Qd3 Nb3 12. Rb1 Nxc1 13. Rxc1 Be7 14. Be2 O-O 15. O-O Qa5 16. Nd2 Rfd8 17. Nc4 Qc7 18.
Ne3 Rab8 19. Rfd1 Re8 20. Bf3 Nd7 21. Nf5 Ne5 22. Qe2 Bf8 23. Rd2 g6 24. Ne3 Bh6 25.
Rcd1 Bxe3 26. Qxe3 Nc4 27. Qe2 Nxd2 28. Qxd2 Rbd8 29.
a4 Qa5 30. Nd5 Qxd2 31. Nf6+ Kf8 32. Rxd2 Re5 33. h4 Kg7 34. Ng4 Ree8 35. Ne3 Bxe4 36. Bxe4 Rxe4 37. b3 Rxh4 38. Rd3 Rd4 39. Rc3 h5 40.
Kf1 h4 41. Ke2 Re8 42. Kf3 f6 43. Nc4 g5 44. Ne3 Kg6 45. Rc1 Rf4+ 46. Ke2 g4 47. Rd1 g3 48. f3 Rd4 49. Rh1 Rb4 50. Rxh4 Rxh4 0-1

[Event "Early-Titled-Tuesday-Blitz-January-16-2024"]
[Site "Chess.com"]
[Date "2024.01.16"]
[Round "2"]
[White "Dinosaurio_1975"]
[Black "Rud_Makarian"]
[Result "0-1"]
[WhiteElo "2642"]
[BlackElo "3033"]
[TimeControl "180+1"]
[EndTime "8:18:56 PST"]
[Termination "Rud_Makarian won by resignation"]

1. c4 e6 2. g3 d5 3. Bg2 Nf6 4. Nf3 dxc4 5. Qa4+ c6 6. Qxc4 b5 7. Qc2 Bb7 8. O-O Nbd7 9. d4 c5 10. a4 cxd4 11. Nxd4 Bxg2 12. Kxg2 Rc8 13. Qd3 bxa4 14. Nc3 Bc5 15. Nxa4 O-O 16. Rd1 Ne5 17. Qd2 Be7 18. Nc3 Qc7 19. Qf4 Qb7+ 20. Kg1 Ng6 21. Qf3 Qb6 22.
Ra2 Rfd8 23. Be3 Ne5 24. Qf4 Ng6 25. Qf3 Nd5 26. Nf5 Qb3 27. Nxe7+ Ngxe7 28. Rxa7 Nf5 29. Rd3 Ndxe3 30. fxe3 Qxb2 31. Rxd8+ Rxd8 32. Ne4 Qc1+ 33. Kf2 Qc8 34. Ng5 Nh6 35. Nxf7 Rf8 36. Kg2 Nxf7 37. Qg4 Qe8 38. h4 Kh8 39. Kh2 Rg8 40. h5 Nh6 41. Qf4 Qxh5+ 42. Kg2 Qxe2+ 43. Kh3 Qh5+ 44.
Kg2 Qd5+ 45. Kh3 Qf5+ 0-1

[Event "Early-Titled-Tuesday-Blitz-January-16-2024"]
[Site "Chess.com"]
[Date "2024.01.16"]
[Round "2"]
[White "Adar_07"]
[Black "Zapateado"]
[Result "1-0"]
[WhiteElo "2669"]
[BlackElo "2365"]
[TimeControl "180+1"]
[EndTime "8:18:56 PST"]
[Termination "Adar_07 won by resignation"]

1. d4 d5 2. Nf3 Nf6 3. c4 c6 4.
Nc3 a6 5. cxd5 cxd5 6. Bf4 Nc6 7. e3 Bg4 8. Qb3 b5 9. Ne5 Nxe5 10. dxe5 Ne4 11. a4 Nxc3 12. bxc3 Qa5 13. Be2 Be6 14. O-O d4 15. Qb4 Qxb4 16. cxb4 Bc4 17. Bxc4 bxc4 18. exd4 e6 19. b5 Bb4 20. Rfc1 axb5 21.
axb5 Rxa1 22. Rxa1 O-O 23. Ra4 Be7 24. Rxc4 Rb8 25. g4 Rxb5 26. Rc8+ Bf8 27. h4 f6 28.
exf6 gxf6 29. Bh6 Kf7 30. Rxf8+ Kg6 31. Rh8 Kxh6 32. Re8 e5 33. dxe5 fxe5 34. Re6+ Kg7 35.
Kg2 Kf7 36. Ra6 Rb3 37. h5 Rc3 38. Ra7+ Kg8 39. f3 Rd3 40. g5 Kf8 41. Rxh7 Kg8 42. Ra7 Rc3 43. g6 e4 44. fxe4 Rc5 45. Rh7 Rg5+ 46.
Kf3 Re5 47. Kf4 Re8 48. Rf7 Rf8 49. Rxf8+ Kxf8 50. Kg5 1-0

[Event "Early-Titled-Tuesday-Blitz-January-16-2024"]
[Site "Chess.com"]
[Date "2024.01.16"]
[Round "2"]
[White "LoScecco"]
[Black "epiclord678"]
[Result "1-0"]
[WhiteElo "2213"]
[BlackElo "2451"]
[TimeControl "180+1"]
[EndTime "8:18:56 PST"]
[Termination "LoScecco won on time"]

1. c4 Nf6 2. g3 g6 3. Bg2 Bg7 4. Nc3 O-O 5. e4 d6 6. Nge2 c5 7. O-O Nc6 8. d3 a6 9. a4 Rb8 10.
Rb1 Ne8 11. h3 Nc7 12. f4 b5 13. axb5 axb5 14. cxb5 Nxb5 15. Nxb5 Rxb5 16. e5 Nb4 17. d4 Bf5 18. Ra1 Ra5 19. Rxa5 Qxa5 20. Bd2 Qa6 21. dxc5 dxc5 22. Bc3 Bd3 23. Rf2 Rd8 24. Nc1 Nc6 25. Bxc6 Qxc6 26. Nxd3 c4 27.
Rd2 cxd3 28. Rxd3 Rf8 29. Rd8 e6 30. Rxf8+ Bxf8 31. Qd8 Kg7 32. Qf6+ Kg8 33. Qd8 Kg7 34. h4 Bc5+ 35. Kh2 Qf3 36. Qd2 h5 37. Qg2 Qg4 38.
b4 Bf8 39. b5 Qd1 40. b6 Qb3 41. b7 Bc5 42. Be1 Ba7 43. Kh3 Bb8 44. Bf2 Qb2 45. Qf3 Qb1 46. Be3 Qb3 47. Qe4 Qb2 48. Qc6 Qb1 49.
Bc5 Qc2 50. Bf8+ Kxf8 51. Qxc2 1-0

[Event "Early-Titled-Tuesday-Blitz-January-16-2024"]
[Site "Chess.com"]
[Date "2024.01.16"]
[Round "2"]
[White "TrahtarBelarus"]
[Black "karinachess1"]
[Result "1-0"]
[WhiteElo "2894"]
[BlackElo "2595"]
[TimeControl "180+1"]
[EndTime "8:18:59 PST"]
[Termination "TrahtarBelarus won by resignation"]

1. a3 e5 2. e4 Nf6 3. Nc3 d5 4. exd5 Nxd5 5. Nf3 Nxc3 6. bxc3 Nc6 7. Bb5 Bd6 8. d4 exd4 9. O-O O-O 10. cxd4 Bg4 11. c3 Qf6 12. h3 Bxf3 13. Qxf3 Qxf3 14. gxf3 Ne7 15. Rb1 Ng6 16. Re1 Nh4 17. Re4 Ng6 18. a4 b6 19. Bc6 Rad8 20. Bg5 f6 21. Bd2 Ne7 22. Bb5 c6 23. Bc4+ Nd5 24. Ba2 Kh8 25.
c4 Ne7 26. a5 Rb8 27. Re6 Nf5 28. Bc3 Rfd8 29. c5 bxc5 30. dxc5 Bxc5 31. Rxb8 Rxb8 32.
Rxc6 Bd4 33. Bd2 h5 34. Be6 Nh4 35. Bf4 Rb1+ 36. Kh2 Bxf2 37. Bd5 Bg1+ 38. Kg3 Nf5+ 39. Kg2 Bd4 40. Rc8+ Kh7 41. Be4 Rb2+ 42. Kf1 Rb1+ 43. Ke2 g6 44. Bxb1 Kg7 45. Bxf5 gxf5 46. Rc7+ Kg6 47. a6 Bb6 48. Rb7 Be3 49. Bxe3 1-0

[Event "Early-Titled-Tuesday-Blitz-January-16-2024"]
[Site "Chess.com"]
[Date "2024.01.16"]
[Round "2"]
[White "NovakRatko"]
[Black "valik3504"]
[Result "0-1"]
[WhiteElo "2317"]
[BlackElo "2548"]
[TimeControl "180+1"]
[EndTime "8:18:59 PST"]
[Termination "valik3504 won on time"]

1. d4 Nf6 2. c4 c5 3. dxc5 Na6 4.
Be3 e6 5. a3 Bxc5 6. Bxc5 Nxc5 7. b4 Nce4 8. f3 Ng4 9. Qd4 Nef2 10. Qxg7 Rf8 11. fxg4 Nxh1 12. Nf3 a5 13. b5 d5 14. c5 Qc7 15. Qc3 Bd7 16. e3 Rc8 17. Ne5 f6 18. Nxd7 Kxd7 19. c6+ bxc6 20. bxc6+ Ke7 21. Qc5+ Kf7 22.
Bb5 Qxh2 23. Nd2 Qg3+ 24. Kd1 Nf2+ 25. Kc2 Nxg4 26. Kd3 Ne5+ 27. Kc2 Ng4 28. Kd3 Rc7 29. Rf1 Ne5+ 30. Kc2 Nxc6 31. Bxc6 Rfc8 32. Kd3 Rxc6 33. Qd4 Qg6+ 34. Ke2 Qxg2+ 35. Rf2 Qg5 36. Qa7+ R8c7 37. Qxa5 Qg4+ 38. Rf3 Rc2 39. Kd3 Qg6+ 40. Ke2 Qg2+ 41. Kd3 Qg6+ 42. Ke2 Qg2+ 43. Kd3 Rxd2+ 44. Qxd2 Qxf3 0-1

[Event "Early-Titled-Tuesday-Blitz-January-16-2024"]
[Site "Chess.com"]
[Date "2024.01.16"]
[Round "2"]
[White "eagleclaw07"]
[Black "SarochaChuemsakul"]
[Result "0-1"]
[WhiteElo "2643"]
[BlackElo "2408"]
[TimeControl "180+1"]
[EndTime "8:19:00 PST"]
[Termination "SarochaChuemsakul won on time"]

1. d4 g6 2. c4 Bg7 3. Nf3 Nf6 4. g3 d6 5. Bg2 O-O 6. O-O c5 7. d5 e6 8. Nc3 exd5 9. cxd5 Re8 10. Bf4 Nh5 11. Bg5 Qb6 12. Qd2 a6 13. e4 Qc7 14.
e5 dxe5 15. d6 Qa5 16. Nd5 Qxd2 17. Bxd2 Nc6 18. Nc7 Bd7 19. Nxa8 Rxa8 20. Bc3 e4 21. Nd2 f5 22. Nc4 Rd8 23. Bxg7 Kxg7 24. Rad1 Be6 25.
Nb6 Nd4 26. b4 Ne2+ 27. Kh1 cxb4 28. d7 Nf6 29. Rd6 Kf7 30. Rfd1 Ke7 31. Nc8+ Kf7 32. Nb6 Ng4 33. Rf1 Ke7 34. Nc8+ Kf7 35. Rd2 Nc3 36. Nb6 Ne5 37. Rb2 a5 38. a3 b3 39. Rc1 Nd3 40.
Rxc3 Nxb2 41. Bf1 Nd3 42. Bxd3 exd3 43. Rxd3 b2 44. Rd1 Ba2 45. Kg2 b1=Q 46. Rxb1 Bxb1 0-1

[Event "Early-Titled-Tuesday-Blitz-January-16-2024"]
[Site "Chess.com"]
[Date "2024.01.16"]
[Round "2"]
[White "Jojo_898"]
[Black "Rodalquilar"]
[Result "0-1"]
[WhiteElo "2469"]
[BlackElo "2770"]
[TimeControl "180+1"]
[EndTime "8:19:01 PST"]
[Termination "Rodalquilar won by checkmate"]

1. e4 d5 2. exd5 Qxd5 3. Nc3 Qa5 4. d4 Nf6 5. Bc4 Bg4 6. f3 Bd7 7. Ne2 e6 8. O-O Be7 9. Be3 O-O 10. Ng3 Re8 11. Nce4 Bb5 12. Qd3 Bxc4 13. Qxc4 Nc6 14. Nxf6+ Bxf6 15. Ne4 Be7 16. Qb3 Qb6 17. Qd3 Rad8 18.
c3 a6 19. Qc2 Qb5 20. a4 Qf5 21. Qb3 Na5 22. Qa2 Qd5 23. Nd2 Bf8 24. b4 Nc6 25. Qc2 e5 26. dxe5 Nxe5 27. Ne4 Nc4 28. Bd4 Bxb4 29. Bxg7 Kxg7 30. cxb4 Qd4+ 31. Qf2 b6 32. Rac1 f5 33. Ng3 Kf6 34. Ne2 Qxf2+ 35. Kxf2 b5 36.
axb5 axb5 37. Rfd1 Ra8 38. Nd4 Ra2+ 39. Kg3 Kg5 40.
h4+ Kh5 41. Kh3 f4 42. Nxb5 Rg8 43. Rxc4 Rg3+ 44. Kh2 Rgxg2+ 45. Kh1 Rh2+ 46. Kg1 Rag2+ 47. Kf1 Kxh4 48. Rxf4+ Kh3 49. Re4 Rh1# 0-1

[Event "Early-Titled-Tuesday-Blitz-January-16-2024"]
[Site "Chess.com"]
[Date "2024.01.16"]
[Round "2"]
[White "sansanathalia"]
[Black "Vazabanga"]
[Result "0-1"]
[WhiteElo "2395"]
[BlackElo "2689"]
[TimeControl "180+1"]
[EndTime "8:19:03 PST"]
[Termination "Vazabanga won by resignation"]

1. e4 c5 2. Nf3 d6 3. d4 cxd4 4.
Qxd4 a6 5. c4 Nc6 6. Qd1 g6 7. Be2 Bg7 8. O-O Bg4 9. h3 Bxf3 10.
Bxf3 Nf6 11. Nc3 O-O 12. a3 Nd7 13. Nd5 Rc8 14. Rb1 Nd4 15. b3 Ne5 16. Be2 Re8 17. Bb2 Nec6 18. b4 e6 19. Ne3 b5 20. cxb5 axb5 21. Qd2 Qh4 22. Bd3 Red8 23. Rfd1 Qg5 24. Kh1 Qf4 25. Qe1 Be5 26. Nf1 h5 27. Qe3 Qf6 28. g3 Qg7 29. f4 Bf6 30. Nh2 e5 31.
fxe5 Bxe5 32. Kg2 Ne6 33. Bxe5 dxe5 34. Bxb5 Ncd4 35. Bd3 Rc3 36. Rbc1 Rxa3 37. Qf2 Rb8 38. Qb2 Rb3 39. Qd2 R3xb4 40. Rb1 Rxb1 41. Rxb1 Rxb1 42.
Bxb1 Qf8 43. Nf3 Nxf3 44. Kxf3 Qa3+ 45. Kg2 Nd4 46. Bd3 Qb3 47. h4 Kg7 48. Qe3 Qb2+ 49. Qf2 Qc3 50. Qe3 Nc2 51. Qe2 Qxd3 52. Qxd3 Ne1+ 0-1

[Event "Early-Titled-Tuesday-Blitz-January-16-2024"]
[Site "Chess.com"]
[Date "2024.01.16"]
[Round "2"]
[White "dosto07"]
[Black "Chessdude1987"]
[Result "1/2-1/2"]
[WhiteElo "2529"]
[BlackElo "2302"]
[TimeControl "180+1"]
[EndTime "8:19:03 PST"]
[Termination "Game drawn - insufficient material"]

1. e4 e6 2. d4 d5 3. Nd2 c5 4.
exd5 Qxd5 5. Ngf3 cxd4 6. Bc4 Qd6 7. O-O Nf6 8. Nb3 Nc6 9. Nbxd4 Nxd4 10. Nxd4 Be7 11. Bb3 O-O 12. c3 e5 13. Nc2 Qc6 14. Bg5 Be6 15. Ne3 Rad8 16. Qc2 Bxb3 17. axb3 Nd5 18.
Bxe7 Nxe7 19. Rxa7 f5 20. Rd1 f4 21. Ng4 Ng6 22.
Raa1 h5 23. Rxd8 Rxd8 24. Rd1 Rxd1+ 25. Qxd1 hxg4 26. Qxg4 Qd5 27. h4 Nf8 28. b4 Qe6 29. Qf3 Qc6 30. Qh5 Qg6 31. Qxe5 f3 32. Qd5+ Qf7 33. Qxf3 Qxf3 34. gxf3 Ng6 35. Kg2 Nxh4+ 36. Kg3 Ng6 37. f4 Kf7 38. c4 Ne7 39. Kf3 Ke6 40.
Ke4 Nf5 41. c5 Ne7 42. b5 g6 43. Kd4 Nd5 44. Ke4 Nc7 45. c6 bxc6 46. bxc6 Kd6 47.
f5 gxf5+ 48. Kxf5 Kxc6 49. f4 Kd5 50. Kg6 Ne8 51. f5 Nd6 52. f6 Kc4 53. f7 Nxf7 54.
Kxf7 Kb3 55. Ke6 Kxb2 1/2-1/2

[Event "Early-Titled-Tuesday-Blitz-January-16-2024"]
[Site "Chess.com"]
[Date "2024.01.16"]
[Round "2"]
[White "Thursday_the_14_th"]
[Black "Bigfish1995"]
[Result "0-1"]
[WhiteElo "2645"]
[BlackElo "3040"]
[TimeControl "180+1"]
[EndTime "8:19:04 PST"]
[Termination "Bigfish1995 won by checkmate"]

1. e4 c6 2. d4 d5 3. e5 Bf5 4.
h4 h5 5. Bd3 Bxd3 6. Qxd3 e6 7.
Nf3 c5 8. dxc5 Bxc5 9. O-O Ne7 10. c4 Nbc6 11. Nbd2 a6 12. Nb3 Ba7 13. Bg5 Rc8 14.
cxd5 Qxd5 15. Qe2 Nf5 16. Rfd1 Ng3 17. Qe1 Qe4 18. Nbd2 Qxe1+ 19. Rxe1 Nb4 20. Ne4 Nxe4 21. Rxe4 Nd3 22. Be3 Bxe3 23. Rxe3 Nf4 24. g3 Nd5 25. Re2 Ke7 26. a3 Rc4 27. Kf1 Rhc8 28. Rd2 b5 29.
Nd4 Rc1+ 30. Rd1 Rxa1 31. Rxa1 Nb6 32. Re1 Nc4 33. Re2 Rc5 34. Nf3 g6 35. Ke1 Rd5 36.
Kf1 Rd3 37. Ne1 Rb3 38. Rc2 Rxb2 39. Rxb2 Nxb2 40. Nc2 Nc4 41. f4 Kd7 42. Ke2 Kc6 43. Kd3 Kc5 44. Kc3 Nxa3 45. Nd4 b4+ 46. Kd3 a5 47. Nf3 b3 48. Kc3 a4 49. Ng5 Nb5+ 50.
Kb2 Kb4 51. Nxf7 a3+ 52. Kb1 Nc3+ 53. Ka1 b2# 0-1

[Event "Early-Titled-Tuesday-Blitz-January-16-2024"]
[Site "Chess.com"]
[Date "2024.01.16"]
[Round "2"]
[White "bancsoo"]
[Black "CarlosjPineror"]
[Result "1-0"]
[WhiteElo "2926"]
[BlackElo "2602"]
[TimeControl "180+1"]
[EndTime "8:19:04 PST"]
[Termination "bancsoo won by resignation"]

1. Nf3 Nf6 2. g3 d5 3. Bg2 c6 4.
O-O h6 5. d3 Bf5 6. c4 e6 7.
Qb3 Qb6 8. cxd5 cxd5 9. Qxb6 axb6 10. Nc3 Nc6 11. Nb5 Rc8 12. Bf4 Bc5 13. Nd6+ Bxd6 14.
Bxd6 Kd7 15. Ba3 Bg4 16. e3 Bxf3 17. Bxf3 Rc7 18. Be2 Rhc8 19. d4 Ne4 20. f3 Nd6 21. Rfd1 Na5 22. b3 Rc2 23. Bd3 R2c3 24. Bb4 R3c7 25.
Be1 Nc6 26. Kf2 Ne7 27. e4 Nc6 28. e5 Nf5 29. Bxf5 exf5 30. Ke3 Ke6 31. Kd3 Ne7 32. Bd2 Rc2 33. Rdc1 Rxc1 34. Bxc1 g5 35. Bd2 Nc6 36. Rh1 Rh8 37. h4 g4 38. fxg4 fxg4 39. Rf1 h5 40. Rf6+ Ke7 41. Bg5 Ke8 42. Rd6 Rg8 43. Kc3 Rxg5 44.
hxg5 h4 45. g6 hxg3 46. gxf7+ Kxf7 47. Rf6+ Kg7 48. Rf4 Kg6 49. Rxg4+ Kf5 50. Rxg3 Ke4 51. e6 Nxd4 52. Rg4+ 1-0

[Event "Early-Titled-Tuesday-Blitz-January-16-2024"]
[Site "Chess.com"]
[Date "2024.01.16"]
[Round "2"]
[White "Arifarsky"]
[Black "Aleksandar-Topalov"]
[Result "1-0"]
[WhiteElo "2714"]
[BlackElo "2306"]
[TimeControl "180+1"]
[EndTime "8:19:04 PST"]
[Termination "Arifarsky won on time"]

1. e4 e6 2. Nf3 d5 3. Nc3 Nf6 4. Bd3 c5 5. exd5 Nxd5 6. O-O Be7 7. Re1 O-O 8. Bf1 Nc6 9. g3 Nxc3 10. dxc3 b6 11.
Bg2 Bb7 12. Qe2 Bf6 13. Bf4 Qe7 14. h4 Rad8 15. Ng5 h6 16. Ne4 Rd7 17. Qg4 Kh8 18.
Qh5 Kh7 19. Ng5+ Kg8 20. Be4 Rfd8 21. Nh7 Na5 22. Nxf6+ Qxf6 23. Be5 Qe7 24. Kh2 Bxe4 25. Rxe4 f5 26. Re2 Nc6 27. Rae1 Nxe5 28. Rxe5 Rd6 29.
Qxf5 exf5 30. Rxe7 R8d7 31. Rxd7 Rxd7 32. Re2 Kf7 33.
Kg2 Kf6 34. Kf3 g5 35. hxg5+ hxg5 36. g4 f4 37. b3 Rh7 38. Re8 Rd7 39. Ke2 Rh7 40.
Rf8+ Kg6 41. c4 Re7+ 42. Kf3 Rd7 43. Re8 Rd2 44. Re6+ Kf7 45. Re2 Rd1 46. Ke4 Kf6 47. Kf3 Rc1 48. Rd2 Re1 49. Rd7 Re7 50. Rxe7 Kxe7 51.
Ke4 Ke6 52. f3 a6 53. a3 a5 54. a4 Kf6 55. Kd5 1-0

[Event "Early-Titled-Tuesday-Blitz-January-16-2024"]
[Site "Chess.com"]
[Date "2024.01.16"]
[Round "2"]
[White "Yaacovn"]
[Black "vladgoncharov"]
[Result "1-0"]
[WhiteElo "2886"]
[BlackElo "2591"]
[TimeControl "180+1"]
[EndTime "8:19:10 PST"]
[Termination "Yaacovn won on time"]

1. d4 Nf6 2. Bg5 e6 3. e3 c5 4. c3 b6 5. Nd2 Bb7 6. f4 Be7 7. Bxf6 Bxf6 8. Ngf3 a6 9. a4 Qc7 10. Rc1 O-O 11. Bd3 g6 12. O-O Bg7 13. Qe1 d6 14.
Qh4 Nc6 15. Ne4 Qd8 16. Qh3 Bc8 17. Qg3 Ne7 18. Qf2 Nd5 19. Qd2 Qc7 20. Neg5 c4 21. Bc2 b5 22. e4 Ne7 23. e5 d5 24. Qf2 Bd7 25. axb5 axb5 26. h4 h5 27. Ra1 Qb7 28.
g4 hxg4 29. Nh2 Rxa1 30. Rxa1 Ra8 31. Rb1 b4 32. Nxg4 Kf8 33. Nf6 Bxf6 34. exf6 Ng8 35. h5 Nxf6 36. h6 Ke7 37. Qh4 Rh8 38. Kg2 Qa7 39.
Re1 Qa2 40. Re2 Qxb2 41. f5 gxf5 42. Kf2 Qxc3 43. Bxf5 b3 44. Bxe6 fxe6 45. Re3 Qd2+ 46. Re2 Qc2 47. Rxc2 bxc2 48. Qf4 Rxh6 49. Nf3 1-0

[Event "Early-Titled-Tuesday-Blitz-January-16-2024"]
[Site "Chess.com"]
[Date "2024.01.16"]
[Round "2"]
[White "ChessLebaneseSalah"]
[Black "AradNazari"]
[Result "0-1"]
[WhiteElo "2371"]
[BlackElo "2643"]
[TimeControl "180+1"]
[EndTime "8:19:10 PST"]
[Termination "AradNazari won on time"]

1. e4 c5 2. Nf3 d6 3. d4 cxd4 4.
Nxd4 Nf6 5. Nc3 a6 6. f3 e5 7. Nb3 Be6 8. Be3 Nbd7 9. Qd2 h5 10. Nd5 Rc8 11. c4 Bxd5 12. cxd5 Be7 13. Na5 Qc7 14. Be2 O-O 15. O-O Bd8 16. b4 Qc3 17. Nxb7 Qxd2 18.
Bxd2 Rc2 19. Rfd1 Bb6+ 20. Kf1 Ne8 21. Bxa6 f5 22. exf5 Ndf6 23. Bd3 Rc7 24. Na5 Nxd5 25. Bc4 Nf6 26. Bg5 Bxa5 27. Bxd5+ Nxd5 28. bxa5 Rc5 29. Bd2 Rxf5 30. Rac1 Rb5 31. a4 Rb8 32. Bg5 e4 33. f4 Ne3+ 34. Ke2 Nxd1 35. Rxd1 Rxa5 36. Rxd6 Rxa4 37. Rd2 g6 38. h3 Kf7 39. Rd7+ Kf8 40. Rd2 Rb3 41. Rd8+ Kf7 42. Rd7+ Ke6 43. Rd2 Rba3 44.
Rd8 Rb3 45. Rd2 Rg3 46. Kf1 Rd3 47. Re2 Kf5 48. Kg1 e3 49. Kh2 Ke4 0-1

[Event "Early-Titled-Tuesday-Blitz-January-16-2024"]
[Site "Chess.com"]
[Date "2024.01.16"]
[Round "2"]
[White "Sokoloco"]
[Black "Kopytkin"]
[Result "1-0"]
[WhiteElo "2765"]
[BlackElo "2388"]
[TimeControl "180+1"]
[EndTime "8:19:12 PST"]
[Termination "Sokoloco won on time"]

1. b3 Nf6 2. Bb2 g6 3. Bxf6 exf6 4. c4 f5 5. Nc3 Bg7 6. Nf3 O-O 7. d4 Nc6 8. e3 Ne7 9. g3 d5 10. Rc1 h6 11. h4 Be6 12. c5 b6 13. b4 a5 14. b5 c6 15. a4 Rc8 16. Ne2 Qd7 17.
Nf4 Qa7 18. Qc2 Rc7 19. Rb1 Rb8 20. Nd3 f4 21. gxf4 Bf5 22. Nfe5 Bxe5 23. fxe5 cxb5 24.
axb5 bxc5 25. dxc5 Bxd3 26. Bxd3 Qxc5 27. Qxc5 Rxc5 28.
Kd2 Nc8 29. Ra1 Ra8 30. f4 Nb6 31. h5 Nc4+ 32. Ke2 Rxb5 33. hxg6 fxg6 34. Rxh6 Rb2+ 35. Kf3 Nd2+ 36. Kg3 Ne4+ 37. Bxe4 dxe4 38. Rxg6+ Kf7 39. Rf6+ Ke7 40. f5 a4 41. Re6+ Kf7 42. Rf6+ Ke7 43.
Rg6 Kf7 44. e6+ Ke7 45. Kf4 a3 46. Rg7+ Kd6 47. Rd1+ Kc6 48. Rc1+ Kb6 49. e7 a2 50. Rgg1 Rf2+ 51. Ke5 Ra4 52. e8=Q Ra5+ 53. Ke6 1-0